 Dungeon Crawl Stone Soup version 0.22-a0-515-g75794bf (webtiles) character file.

68 inc the Chiller (level 4, -2/27 HPs)
             Began as an Octopode Ice Elementalist on June 19, 2018.
             Slain by a gnoll
             ... wielding a +0 whip
              (4 damage)
             ... on level 2 of the Dungeon.
             The game lasted 00:02:58 (1426 turns).

inc the Chiller (Octopode Ice Elementalist)         Turns: 1426, Time: 00:02:58

Health: -2/27      AC:  1    Str:  7    XL:     4   Next: 19%
Magic:  0/7        EV: 14    Int: 18    God:
Gold:   77         SH:  0    Dex: 16    Spells: 6/7 levels left

rFire    . . .     SeeInvis .   h - +0 whip
rCold    . . .     Gourm    .   (no shield)
rNeg     . . .     Faith    .   (helmet restricted)
rPois    .         Spirit   .   (no amulet)
rElec    .         Reflect  .   f - +4 ring of dexterity (curse)
rCorr    .         Harm     .   (no ring)
MR       .....                  (no ring)
Stlth    +++.......             (no ring)
HPRegen  0.09/turn              (no ring)
MPRegen  0.10/turn              (no ring)
                                (no ring)
                                (no ring)

@: very slightly contaminated
A: almost no armour, stealthy swim, amphibious, 8 rings, constrict 8, camouflage
1, gelatinous body 1
a: no special abilities


You were on level 2 of the Dungeon.
You were not hungry.

You visited 1 branch of the dungeon, and saw 2 of its levels.

You collected 77 gold pieces.

Inventory:

Hand Weapons
 h - a +0 whip (weapon)
Jewellery
 f - a cursed +4 ring of dexterity (left tentacle)
Scrolls
 a - a scroll of enchant weapon {unknown}
 d - a scroll of remove curse {unknown}
 i - a scroll of magic mapping {unknown}
Potions
 c - 2 potions of degeneration {unknown}
 e - a potion of agility {unknown}
 g - a potion of heal wounds {unknown}
Comestibles
 b - 2 rations


   Skills:
 - Level 2.0 Dodging
 - Level 2.6 Stealth
 - Level 2.0 Spellcasting
   Level 1.0 Conjurations
 + Level 4.9 Ice Magic


You had 6 spell levels left.
You knew the following spells:

 Your Spells              Type           Power        Failure   Level  Hunger
a - Freeze                Ice            ###.         2%          1    #......

Your spell library contained the following spells:

 Spells                   Type           Power        Failure   Level  Hunger
 Throw Frost              Conj/Ice       ##....       9%          2    ###....
 Summon Ice Beast         Ice/Summ       ##......     54%         4    #####..
 Ozocubu's Armour         Chrm/Ice       ##......     21%         3    ###....
 Throw Icicle             Conj/Ice       ##......     47%         4    #####..


Dungeon Overview and Level Annotations

Branches:
Dungeon (2/15)

Altars:


Innate Abilities, Weirdness & Mutations

You cannot wear most types of armour.
You are very stealthy in the water. (Stealth+)
You are amphibious.
You can wear up to eight rings at the same time.
You can use your tentacles to constrict eight enemies at once.
Your skin changes colour to match your surroundings (Stealth+).
Your rubbery body absorbs attacks. (AC +1, EV +1)


Message History

The gnoll is lightly wounded.
You constrict the gnoll. The gnoll hits you with a whip.
You hit the gnoll but do no damage.
The gnoll is moderately wounded.
You constrict the gnoll. The gnoll closely misses you.
You hit the gnoll but do no damage.
The gnoll is moderately wounded.
You constrict the gnoll. The gnoll hits you with a whip!
* * * LOW HITPOINT WARNING * * *
Unknown command.
You hit the gnoll but do no damage.
The gnoll is heavily wounded.
You constrict the gnoll, but do no damage.
The gnoll misses you.
Unknown command.
You hit the gnoll.
The gnoll is severely wounded.
You constrict the gnoll, but do no damage.
The gnoll hits you with a whip.
You die...

#####.. ....(..
#...#.. .....
#...#..
.....#.######...#..
.....g..g..g......
...g#..#####......
#.# # #...g..
######### #g#
#......
#.....)<###@#
#......
#.#####.....#
#......
#...........#
#.#####
#...........# #.# #
#.......#'### #.# #
#.....[.#.# #. #
#.....>.#.# #
#)......#.# #
#######...#


You could see a gnoll.

Vanquished Creatures
  3 gnolls
  A leopard gecko (D:2)
  A ball python (D:1)
  3 giant cockroaches
  7 goblins
  4 hobgoblins
  5 bats
  3 frilled lizards (D:1)
  7 kobolds
  4 rats (D:1)
38 creatures vanquished.

Notes
Turn   | Place    | Note
-------+----------+-------------------------------------------
     0 | D:1      | inc the Octopode Ice Elementalist began the quest for the Orb.
     0 | D:1      | Reached XP level 1. HP: 11/11 MP: 3/3
   222 | D:1      | Reached XP level 2. HP: 13/17 MP: 0/5
   513 | D:1      | Reached skill level 4 in Ice Magic
   617 | D:1      | Reached XP level 3. HP: 21/21 MP: 2/6
  1413 | D:2      | Reached XP level 4. HP: 25/27 MP: 2/7
  1426 | D:2      | Slain by a gnoll

Vault maps used:
D:1:      minmay_arrival_wavy_path

Skill      XL: |  1  2 |
---------------+-------+-----
Ice Magic      | 4 |  4.9
Dodging        | |  2.0
Stealth        | |  2.6
Spellcasting   | |  2.0
Conjurations   | |  1.0

Action                   |  1- 3 |  4- 6 || total
-------------------------+-------+-------++-------
Melee: Unarmed           |    12 |       ||    12
       Constrict         |     9 |     2 ||    11
       Whip              |     1 |     7 ||     8
       Tentacles         |     1 |       ||     1
 Cast: Freeze            |    44 |     3 ||    47
 Stab: Sleeping          |     3 |       ||     3
  Eat: Chunk             |     2 |       ||     2
Armor: Skin              |     7 |       ||     7
Dodge: Dodged            |    39 |     5 ||    44

Table legend:
 A = Spawn XP
 B = Non-spawn XP
 C = Spawn XP percentage of total XP
 D = Spawn monster count
 E = Non-spawn monster count
 F = Spawn count percentage of total count
 G = Total turns spent on level
                    A         B        C        D         E        F      G
               +---------+---------+-------+---------+---------+-------+---------
         Total |       0 |      98 |   0.0 |       0 |      38 |   0.0 |  1426
               +---------+---------+-------+---------+---------+-------+---------
           D:1 |       0 |      49 |   0.0 |       0 |      25 |   0.0 |  1141
           D:2 |       0 |      49 |   0.0 |       0 |      13 |   0.0 |   285
               +---------+---------+-------+---------+---------+-------+---------
